 Dungeon Crawl Stone Soup version 0.28-a0-1142-gc8569940dd (webtiles) character file.

Game seed: 15210988413090148787

37 Caerun the Skirmisher (level 3, -1/36 HPs)
             Began as a Gargoyle Berserker on Dec 13, 2021.
             Was a Follower of Trog.
             Slain by a gnoll (4 damage)
             ... on level 2 of the Dungeon.
             The game lasted 00:02:38 (1109 turns).

Caerun the Skirmisher (Gargoyle Berserker)          Turns: 1109, Time: 00:02:39

Health: -1/36      AC:  8    Str: 22    XL:     3   Next: 41%
Magic:  3/3        EV: 11    Int:  7    God:    Trog [*.....]
Gold:   29         SH:  0    Dex:  9    Spells: 2/2 levels left

rFire   . . .      SeeInvis .   a - +0 mace
rCold   . . .      Faith    .   (no shield)
rNeg    + . .      Spirit   .   b - +0 ring mail
rPois   ∞          Reflect  .   (no helmet)
rElec   +          Harm     .   (no cloak)
rCorr   .          Rampage  .   (no gloves)
Will    .....                   (no boots)
Stlth   ..........              (no amulet)
HPRegen 0.12/turn               (no ring)
MPRegen 0.08/turn               (no ring)

@: berserking, very quick
A: sickness immunity, AC +3, negative energy resistance 1, electricity
resistance, torment resistance 1, petrification resistance
a: Renounce Religion, Berserk


You were on level 2 of the Dungeon.
You worshipped Trog.
Trog was aware of your devotion.
You visited 1 branch of the dungeon, and saw 2 of its levels.

You collected 29 gold pieces.

Inventory:

Hand Weapons
 a - a +0 mace (weapon)
Armour
 b - a +0 ring mail (worn)
Scrolls
 c - a scroll of amnesia {unknown}
Potions
 d - a potion of curing {unknown}


   Skills:
 + Level 4.1 Fighting
 + Level 3.6 Maces & Flails
 - Level 2.2 Armour
 - Level 1.5 Dodging
 + Level 0.2 Stealth


You had 2 spell levels left.
You didn't know any spells.
Your spell library was empty.

Dungeon Overview and Level Annotations

Branches:
Dungeon (2/15)

Altars:


Innate Abilities, Weirdness & Mutations

You are immune to sickness and miasma.
Your stone body is resilient. (AC +3)
You are immune to poison.
You resist negative energy. (rN+)
You are resistant to electric shocks. (rElec)
You are resistant to unholy torment.
You are immune to petrification.


Message History

You barely miss the gnoll. The gnoll hits you with a +0 spear.
You hit the gnoll.
The gnoll is moderately wounded.
The gnoll hits you with a +0 spear. The gnoll hits you but does no damage.
Okay, then.
You closely miss the gnoll.
The gnoll is moderately wounded.
The gnoll hits you with a +0 spear.
You hit the gnoll but do no damage.
The gnoll is moderately wounded.
The gnoll barely misses you.
You barely miss the gnoll.
The gnoll is moderately wounded.
The gnoll misses you.
You hit the gnoll.
The gnoll is severely wounded.
The gnoll barely misses you.
You closely miss the gnoll.
The gnoll is severely wounded.
The gnoll barely misses you. The gnoll hits you but does no damage.
You barely miss the gnoll.
The gnoll is severely wounded.
The gnoll hits you with a +0 spear.
You closely miss the gnoll.
The gnoll is severely wounded.
The gnoll hits you with a +0 spear.
* * * LOW HITPOINT WARNING * * *
You hit the gnoll but do no damage.
The gnoll is severely wounded.
The gnoll hits you with a +0 spear.
* * * LOW HITPOINT WARNING * * *
You closely miss the gnoll.
The gnoll is severely wounded.
The gnoll hits you with a +0 spear.
* * * LOW HITPOINT WARNING * * *
The gnoll misses you.
A red film seems to cover your vision as you go berserk!
You feel yourself moving faster!
You feel mighty! The gnoll hits you with a +0 spear.
You die...

.. #. ### #. #..
##.#####.# . #.. ...#.#
...##..###.#.########
.......#............####
......g@.#.##...........
#.#.#.####.##........###
.. #.##....[.:.# #..
..##.......## #.
####......†# #
#.......####
.............
.....#.###....
.##..#.###....


You could see a gnoll.

Vanquished Creatures
  A gnoll (D:2)
  An adder (D:2)
  2 endoplasms (D:1)
  A giant cockroach (D:1)
  A goblin (D:1)
  3 kobolds (D:1)
  A quokka (D:2)
  2 ball pythons (D:1)
  3 bats (D:1)
  2 frilled lizards (D:1)
  3 rats (D:1)
20 creatures vanquished.

Notes
Turn   | Place    | Note
-------+----------+-------------------------------------------
     0 | D:1      | Caerun the Gargoyle Berserker began the quest for the Orb.
     0 | D:1      | Reached XP level 1. HP: 14/14 MP: 1/1
     2 | D:1      | Noticed a demonspawn
     2 | D:1      | Noticed a troll
     4 | D:1      | Noticed a human
     4 | D:1      | Noticed a tengu
     6 | D:1      | Noticed a dwarf
     8 | D:1      | Noticed an elf
     8 | D:1      | Noticed a merfolk
    10 | D:1      | Noticed a gargoyle
    12 | D:1      | Noticed a minotaur
    12 | D:1      | Noticed a draconian
    14 | D:1      | Noticed a formicid
    14 | D:1      | Noticed an ogre
    16 | D:1      | Noticed a vampire
    18 | D:1      | Noticed a felid
    18 | D:1      | Noticed a spriggan
    20 | D:1      | Noticed a naga
    20 | D:1      | Noticed a demigod
    22 | D:1      | Noticed a ghoul
    24 | D:1      | Noticed an octopode
    26 | D:1      | Noticed a vine stalker
   404 | D:1      | Reached XP level 2. HP: 16/19 MP: 2/2
   975 | D:2      | Reached skill level 4 in Fighting
   975 | D:2      | Reached XP level 3. HP: 18/24 MP: 3/3
  1109 | D:2      | Slain by a gnoll

Illustrated notes

Levels and vault maps discovered:
D:1:      kb_arrival_jail, layout_basic, st_stairs_13
D:2:      layout_loops_cross, basic_altar

Skill      XL: |  1  2 |
---------------+-------+-----
Fighting       | 4 |  4.1
Maces & Flails | |  3.6
Armour         | |  2.2
Dodging        | |  1.5
Stealth        | |  0.2

Action                   || total
-------------------------++-------
Melee: Mace              ||    66
Invok: Berserk           ||     1
 Stab: Sleeping          ||     1
Armor: Animal skin       ||    14
       Leather armour    ||     2
       Ring mail         ||     3
Dodge: Dodged            ||    36

Table legend: (Time is in decaauts)
 A = Elapsed time spent in this place.
 B = Non-inter-level travel time spent in this place.
 C = Inter-level travel time spent in this place.
 D = Time resting spent in this place.
 E = Time spent auto-exploring this place.
 F = Levels seen in this place.
 G = Mean time per level.
                   A        B        C        D        E       F      G
               +--------+--------+--------+--------+--------+-----+--------+
         Total |   1124 |   1124 |      0 |    136 |    647 |   2 |  562.0 |
       Dungeon |   1124 |   1124 |      0 |    136 |    647 |   2 |  562.0 |
               +--------+--------+--------+--------+--------+-----+--------+

Top non-repeatable levels by time:
     D:1: 931 daAuts
     D:2: 193 daAuts
